3AAA
ELLENBURG FIGHTING DACHSUNDS @ MILTON DOGFISH HEAD
08/12/2042
 
TOP OF THE 1ST
Ellenburg Fighting Dachsunds batting - Pitching for Milton Dogfish Head : LHP Nick Hayes
Pitching: LHP Nick Hayes
Batting: RHB Sze Qi 0-0: Foul Ball, location: 2F
0-1: Ball
1-1: Ball
2-1: Foul Ball, location: 2F
2-2: Ball
3-2: Foul Ball, location: 2F
3-2: Base on Balls
Batting: RHB Jorge Japón 0-0: Ball
1-0: Called Strike
1-1: Ball
2-1: Called Strike
2-2: Foul Ball, location: 2F
2-2: Foul Ball, location: 2F
2-2: Fielders Choice at 2nd, 4-6 (Groundball, 4, EV 86.9 MPH)
Batting: LHB Javier Castro 0-0: Foul Ball, location: 2F
0-1: SINGLE (Groundball, 4MD, EV 100.0 MPH)
Jorge Japón to second
Batting: RHB David Alcabú 0-0: Foul Ball, location: 2F
0-1: Fly out, F7 (Flyball, 7, EV 92.5 MPH)
Batting: LHB Mike Johnstone 0-0: Called Strike
0-1: Foul Ball, location: 2F
0-2: Ball
1-2: Ball
2-2: Foul Ball, location: 2F
2-2: SINGLE (Groundball, 34D, EV 103.1 MPH)
Jorge Japón to third
Javier Castro to second
Runner from 3rd tries for Home, SAFE, throw by RF to home
Batting: RHB Jesús Méndez 0-0: Ball
1-0: Foul Ball, location: 2F
1-1: Ball
2-1: SINGLE (Line Drive, 7LS, EV 101.9 MPH)
Javier Castro to third
Mike Johnstone to second
Runner from 3rd tries for Home, SAFE, no throw by LF
Batting: LHB Tony Worley 0-0: Ball
1-0: Ground out 4-3 (Groundball, 4, EV 83.1 MPH)
Top of the 1st over - 2 runs, 3 hits, 0 errors, 2 left on base; Ellenburg 2 - Milton 0
BOTTOM OF THE 1ST
Milton Dogfish Head batting - Pitching for Ellenburg Fighting Dachsunds : LHP Zi-cheng Pei
Pitching: LHP Zi-cheng Pei
Batting: RHB Anthony Hollis 0-0: Foul Ball, location: 2F
0-1: SINGLE (Flyball, 9S, EV 92.5 MPH)
Batting: RHB Arnie Taylor 0-0: Ball
1-0: Ball
2-0: Called Strike
2-1: Fielders Choice at 2nd, 4-6 (Groundball, 4, EV 81.9 MPH)
Batting: RHB Koryusai Maejima 0-0: Ball
1-0: DOUBLE (Line Drive, 3D, EV 95.0 MPH)
Arnie Taylor to third
Runner from 3rd tries for Home, SAFE, throw by RF to trailing runner, SAFE at third!
Batting: RHB Colton Pennington 0-0: Foul Ball, location: 2F
0-1: SINGLE (Groundball, 6MD, EV 99.4 MPH)
Koryusai Maejima scores
Batting: RHB Bobby Norris 0-0: Ball
1-0: Foul Ball, location: 2F
1-1: Ball
2-1: Ball
3-1: Foul Ball, location: 2F
3-2: Fly out, F8 (Flyball, 8RXD, EV 92.5 MPH)
Batting: RHB Dusan Kontic 0-0: Swinging Strike
0-1: Foul Ball, location: 2F
0-2: Ball
1-2: Strikes out swinging
Bottom of the 1st over - 2 runs, 3 hits, 0 errors, 1 left on base; Ellenburg 2 - Milton 2
TOP OF THE 2ND
Ellenburg Fighting Dachsunds batting - Pitching for Milton Dogfish Head : LHP Nick Hayes
Batting: LHB Larry Moore 0-0: Ball
1-0: SINGLE (Line Drive, 6D, EV 96.9 MPH)
Batting: LHB Bill O'Halloran 0-0: Ball
Wild Pitch!
Larry Moore to second
1-0: Called Strike
1-1: Called Strike
1-2: Ball
2-2: Strikes out swinging
Batting: RHB Sze Qi 0-0: Ball
1-0: Foul Ball, location: 2F
1-1: Foul Ball, location: 2F
1-2: Foul Ball, location: 2F
1-2: Foul Ball, location: 2F
1-2: TRIPLE (Flyball, 9LD, EV 102.5 MPH)
Larry Moore scores
Batting: RHB Jorge Japón 0-0: Called Strike
0-1: Ball
1-1: Ball
2-1: Fly out, F7 (Flyball, 7D, EV 86.9 MPH)
Runner from 3rd tags up, SCORES, throw by LF
Batting: LHB Javier Castro 0-0: DOUBLE (Line Drive, 8RXD, EV 106.2 MPH)
Batting: RHB David Alcabú 0-0: Ground out 4-3 (Groundball, 4, EV 86.2 MPH)
Top of the 2nd over - 2 runs, 3 hits, 0 errors, 1 left on base; Ellenburg 4 - Milton 2
BOTTOM OF THE 2ND
Milton Dogfish Head batting - Pitching for Ellenburg Fighting Dachsunds : LHP Zi-cheng Pei
Batting: LHB Salvador Ramírez 0-0: Ground out 5-3 (Groundball, 5, EV 98.1 MPH)
Batting: RHB Cédric Causse 0-0: Single, Error in OF, E9, batter to second base (Line Drive, 34, EV 93.8 MPH)
Batting: RHB Rafael Riquelme 0-0: Foul Ball, location: 2F
0-1: Ball
1-1: Ball
2-1: Ground out 4-3 (Groundball, 4, EV 96.9 MPH)
Cédric Causse to third
Batting: RHB Anthony Hollis 0-0: Ball
Wild Pitch!
Cédric Causse scores
1-0: Ball
2-0: Foul Ball, location: 2F
2-1: SINGLE (Groundball, P, EV 69.4 MPH) (infield hit)
Batting: RHB Arnie Taylor 0-0: SINGLE (Line Drive, 3D, EV 99.4 MPH)
Anthony Hollis to second
Runner from 2nd tries for 3rd, SAFE, throw by RF made to third
Batting: RHB Koryusai Maejima 0-0: Ball
1-0: Foul Ball, location: 2F
1-1: Swinging Strike
1-2: Strikes out looking
Bottom of the 2nd over - 1 run, 3 hits, 1 error, 2 left on base; Ellenburg 4 - Milton 3
TOP OF THE 3RD
Ellenburg Fighting Dachsunds batting - Pitching for Milton Dogfish Head : LHP Nick Hayes
Batting: LHB Mike Johnstone 0-0: Swinging Strike
0-1: Fly out, F8 (Flyball, 8RM, EV 99.4 MPH)
Batting: RHB Jesús Méndez 0-0: Called Strike
0-1: Ball
1-1: Ball
2-1: Foul Ball, location: 2F
2-2: DOUBLE (Line Drive, 9LM, EV 88.8 MPH)
Batting: LHB Tony Worley 0-0: Called Strike
0-1: Ball
1-1: Ground out 4-3 (Groundball, 4S, EV 86.9 MPH)
Jesús Méndez to third
Batting: LHB Larry Moore 0-0: Fly out, F7 (Flyball, 7, EV 97.5 MPH)
Top of the 3rd over - 0 runs, 1 hit, 0 errors, 1 left on base; Ellenburg 4 - Milton 3
BOTTOM OF THE 3RD
Milton Dogfish Head batting - Pitching for Ellenburg Fighting Dachsunds : LHP Zi-cheng Pei
Batting: RHB Colton Pennington 0-0: Ball
1-0: Ball
2-0: Fly out, F8 (Flyball, 8LD, EV 86.9 MPH)
Batting: RHB Bobby Norris 0-0: Called Strike
0-1: Called Strike
0-2: Ball
1-2: Strikes out swinging
Batting: RHB Dusan Kontic 0-0: Ground out 6-3 (Groundball, 6, EV 85.0 MPH)
Bottom of the 3rd over - 0 runs, 0 hits, 0 errors, 0 left on base; Ellenburg 4 - Milton 3
TOP OF THE 4TH
Ellenburg Fighting Dachsunds batting - Pitching for Milton Dogfish Head : LHP Nick Hayes
Batting: LHB Bill O'Halloran 0-0: Ball
1-0: Foul Ball, location: 2F
1-1: Called Strike
1-2: Ball
2-2: Ball
3-2: Foul Ball, location: 2F
3-2: Foul Ball, location: 2F
3-2: Base on Balls
Batting: RHB Sze Qi 0-0: Ball
1-0: Foul Ball, location: 2F
1-1: Hit by Pitch
Bill O'Halloran to second
Batting: RHB Jorge Japón 0-0: Grounds into double play, 6-4-3 (Groundball, 6D, EV 99.4 MPH)
Bill O'Halloran to third
Batting: LHB Javier Castro 0-0: Foul Ball, location: 2F
0-1: Ball
1-1: Ball
2-1: Ball
3-1: Called Strike
3-2: Fly out, F7 (Line Drive, 7, EV 85.0 MPH)
Top of the 4th over - 0 runs, 0 hits, 0 errors, 1 left on base; Ellenburg 4 - Milton 3
BOTTOM OF THE 4TH
Milton Dogfish Head batting - Pitching for Ellenburg Fighting Dachsunds : LHP Zi-cheng Pei
Batting: LHB Salvador Ramírez 0-0: Called Strike
0-1: Foul Ball, location: 2F
0-2: Ground out 4-3 (Groundball, 4, EV 86.2 MPH)
Batting: RHB Cédric Causse 0-0: SINGLE (Groundball, 34D, EV 105.0 MPH)
Batting: RHB Rafael Riquelme 0-0: Swinging Strike
0-1: Ball
1-1: Called Strike
1-2: Strikes out swinging
Batting: RHB Anthony Hollis 0-0: Ball
1-0: Ball
2-0: Ball
3-0: Called Strike
3-1: Called Strike
3-2: Foul Ball, location: 2F
3-2: Foul Ball, location: 2F
3-2: Fly out, F7 (Line Drive, 7, EV 90.0 MPH)
Bottom of the 4th over - 0 runs, 1 hit, 0 errors, 1 left on base; Ellenburg 4 - Milton 3
TOP OF THE 5TH
Ellenburg Fighting Dachsunds batting - Pitching for Milton Dogfish Head : LHP Nick Hayes
Batting: RHB David Alcabú 0-0: Ball
1-0: Ball
2-0: Ball
3-0: Base on Balls
Batting: LHB Mike Johnstone 0-0: Called Strike
David Alcabú steals 2nd base (no throw)
0-1: Called Strike
0-2: Ball
1-2: Ground out 1-3 (Groundball, 34S, EV 70.0 MPH)
David Alcabú to third
Batting: RHB Jesús Méndez 0-0: Called Strike
0-1: Fly out, F7 (Line Drive, 7D, EV 88.8 MPH)
Runner from 3rd tags up, SCORES, throw by LF
Batting: LHB Tony Worley 0-0: Called Strike
0-1: Ball
1-1: Foul Ball, location: 2F
1-2: Foul Ball, location: 2F
1-2: SINGLE (Line Drive, 56D, EV 101.9 MPH)
Pitching: RHP Ki-tong Teoh
Batting: LHB Larry Moore 0-0: Fly out, F9 (Flyball, 9S, EV 79.4 MPH)
Top of the 5th over - 1 run, 1 hit, 0 errors, 1 left on base; Ellenburg 5 - Milton 3
BOTTOM OF THE 5TH
Milton Dogfish Head batting - Pitching for Ellenburg Fighting Dachsunds : LHP Zi-cheng Pei
Batting: RHB Arnie Taylor 0-0: Swinging Strike
0-1: Ball
1-1: Ball
2-1: Ball
3-1: Swinging Strike
3-2: Strikes out looking
Batting: RHB Koryusai Maejima 0-0: Ball
1-0: Ball
2-0: Ball
3-0: Ground out 1-3 (Groundball, 13, EV 91.2 MPH)
Batting: RHB Colton Pennington 0-0: Ball
1-0: Swinging Strike
1-1: DOUBLE (Flyball, 8RXD, EV 108.8 MPH)
Batting: RHB Bobby Norris 0-0: Foul Ball, location: 2F
0-1: Ball
1-1: Ball
2-1: Ground out 6-3 (Groundball, 6, EV 106.2 MPH)
Bottom of the 5th over - 0 runs, 1 hit, 0 errors, 1 left on base; Ellenburg 5 - Milton 3
TOP OF THE 6TH
Ellenburg Fighting Dachsunds batting - Pitching for Milton Dogfish Head : RHP Ki-tong Teoh
Batting: LHB Bill O'Halloran 0-0: Called Strike
0-1: Foul Ball, location: 2F
0-2: Strikes out swinging
Batting: RHB Sze Qi 0-0: Called Strike
0-1: Called Strike
0-2: Ball
1-2: Ball
2-2: Strikes out looking
Batting: RHB Jorge Japón 0-0: Ball
1-0: Called Strike
1-1: Ball
2-1: Foul Ball, location: 2F
2-2: Ball
3-2: Strikes out swinging
Top of the 6th over - 0 runs, 0 hits, 0 errors, 0 left on base; Ellenburg 5 - Milton 3
BOTTOM OF THE 6TH
Milton Dogfish Head batting - Pitching for Ellenburg Fighting Dachsunds : LHP Zi-cheng Pei
Pitching: RHP Jasper Jordan
Batting: RHB Dusan Kontic 0-0: Ball
1-0: SINGLE (Line Drive, 8RS, EV 100.6 MPH)
Batting: LHB Salvador Ramírez 0-0: Ball
1-0: Ball
2-0: Called Strike
2-1: Foul Ball, location: 2F
2-2: Ball
3-2: SINGLE (Line Drive, 7S, EV 85.0 MPH)
Dusan Kontic to second
Pitching: RHP Eric Manchester
Batting: RHB Cédric Causse 0-0: Sac Bunt to 23 - play at first, batter OUT! 3-4
Dusan Kontic to third
Salvador Ramírez to second
Batting: RHB Rafael Riquelme 0-0: Ball
1-0: Called Strike
1-1: Swinging Strike
1-2: Fly out, F9 (Flyball, 9, EV 80.0 MPH)
Runner from 3rd tags up, SCORES, throw by RF
Salvador Ramírez to third
Batting: RHB Anthony Hollis 0-0: Ball
Wild Pitch!
Salvador Ramírez scores
1-0: Fly out, F5 (Popup, 56S, EV 82.5 MPH)
Bottom of the 6th over - 2 runs, 2 hits, 0 errors, 0 left on base; Ellenburg 5 - Milton 5
TOP OF THE 7TH
Ellenburg Fighting Dachsunds batting - Pitching for Milton Dogfish Head : RHP Ki-tong Teoh
Batting: LHB Javier Castro 0-0: Foul Ball, location: 2F
0-1: Ground out 6-3 (Groundball, 6, EV 81.2 MPH)
Batting: RHB David Alcabú 0-0: SINGLE (Groundball, 56D, EV 101.9 MPH)
Batting: LHB Mike Johnstone 0-0: Ball
David Alcabú is caught stealing 2nd base 2-6
1-0: Called Strike
1-1: Called Strike
1-2: Foul Ball, location: 2F
1-2: Strikes out looking
Top of the 7th over - 0 runs, 1 hit, 0 errors, 0 left on base; Ellenburg 5 - Milton 5
BOTTOM OF THE 7TH
Milton Dogfish Head batting - Pitching for Ellenburg Fighting Dachsunds : RHP Eric Manchester
Batting: RHB Arnie Taylor 0-0: Called Strike
0-1: Ball
1-1: Ground out 4-3 (Groundball, 34D, EV 106.2 MPH)
Batting: RHB Koryusai Maejima 0-0: Ball
1-0: SINGLE (Flyball, 9LS, EV 91.2 MPH)
Batting: RHB Colton Pennington 0-0: Called Strike
0-1: Ball
1-1: Ball
2-1: Swinging Strike
2-2: Fly out, F8 (Flyball, 8RM, EV 85.0 MPH)
Batting: RHB Bobby Norris 0-0: Called Strike
0-1: Ball
1-1: Ball
2-1: Ball
3-1: Base on Balls
Koryusai Maejima to second
Batting: RHB Dusan Kontic 0-0: Called Strike
0-1: Called Strike
0-2: Foul Ball, location: 2F
0-2: Ball
1-2: Strikes out looking
Bottom of the 7th over - 0 runs, 1 hit, 0 errors, 2 left on base; Ellenburg 5 - Milton 5
TOP OF THE 8TH
Ellenburg Fighting Dachsunds batting - Pitching for Milton Dogfish Head : RHP Ki-tong Teoh
Batting: RHB Jesús Méndez 0-0: Ball
1-0: Ball
2-0: SINGLE (Flyball, 8RS, EV 97.5 MPH)
Batting: LHB Tony Worley 0-0: Ball
1-0: Called Strike
1-1: Bunted foul
1-2: Foul Ball, location: 2F
1-2: Foul Ball, location: 2F
1-2: Foul Ball, location: 2F
1-2: Ball
2-2: Ball
3-2: Foul Ball, location: 2F
3-2: Fly out, F9 (Flyball, 9LM, EV 93.8 MPH)
Batting: LHB Larry Moore 0-0: Called Strike
0-1: Called Strike
0-2: Ball
1-2: Ball
2-2: Strikes out swinging
Batting: LHB Bill O'Halloran 0-0: Ball
1-0: Ball
2-0: Called Strike
2-1: Foul Ball, location: 2F
2-2: Foul Ball, location: 2F
2-2: Ball
3-2: Fly out, F9 (Flyball, 9LM, EV 90.6 MPH)
Top of the 8th over - 0 runs, 1 hit, 0 errors, 1 left on base; Ellenburg 5 - Milton 5
BOTTOM OF THE 8TH
Milton Dogfish Head batting - Pitching for Ellenburg Fighting Dachsunds : RHP Eric Manchester
Batting: LHB Salvador Ramírez 0-0: Ball
1-0: Ball
2-0: Ball
3-0: Base on Balls
Pitching: RHP Pedro Huerta
Batting: RHB Cédric Causse 0-0: SINGLE (Line Drive, 6MD, EV 98.8 MPH)
Salvador Ramírez to second
Runner from 2nd tries for 3rd, SAFE, no throw by CF
Batting: RHB Rafael Riquelme 0-0: Ball
1-0: Ball
2-0: Called Strike
2-1: Called Strike
2-2: Ground out U3 (Groundball, 34S, EV 86.2 MPH)
Cédric Causse to second
Batting: RHB Anthony Hollis 0-0: Ball
1-0: Ball
2-0: Fly out, F8 (Flyball, 8LM, EV 85.0 MPH)
Runner from 3rd tags up, SCORES, throw by CF
Batting: RHB Arnie Taylor 0-0: Called Strike
0-1: Ball
1-1: Foul Ball, location: 2F
1-2: Strikes out swinging
Bottom of the 8th over - 1 run, 1 hit, 0 errors, 1 left on base; Ellenburg 5 - Milton 6
TOP OF THE 9TH
Ellenburg Fighting Dachsunds batting - Pitching for Milton Dogfish Head : RHP Ki-tong Teoh
Pitching: RHP Sergio Tacuri
Now at 1B: Lawrence O'Neal
Batting: RHB Sze Qi 0-0: Swinging Strike
0-1: Swinging Strike
0-2: Strikes out looking
Batting: RHB Jorge Japón 0-0: Called Strike
0-1: Foul Ball, location: 2F
0-2: Strikes out looking
Batting: LHB Javier Castro 0-0: Ball
1-0: Foul Ball, location: 2F
1-1: Ball
2-1: Ball
3-1: Called Strike
3-2: Strikes out swinging
Top of the 9th over - 0 runs, 0 hits, 0 errors, 0 left on base; Ellenburg 5 - Milton 6
Friday, March 26th, 2021 - OOTP Baseball 20.8 Build 74